 Dungeon Crawl Stone Soup version 0.18-a0-1721-gc4d1f22 (webtiles) character file.

99 vev the Cudgeler (level 4, -4/42 HPs)
             Began as an Ogre Arcane Marksman on Apr 10, 2016.
             Slain by an adder (5 damage)
             ... on level 3 of the Dungeon.
             The game lasted 00:05:30 (2918 turns).

vev the Cudgeler (Ogre Arcane Marksman)             Turns: 2918, Time: 00:05:31

Health: -4/42      AC:  3    Str: 16    XL:     4   Next: 72%
Magic:  4/5        EV: 10    Int: 12    God:
Gold:   141        SH:  0    Dex: 10    Spells: 1 memorised, 4 levels left

rFire  x . .     SeeInvis .     o - +0 whip
rCold  + . .     Gourm    .     a - +0 robe
rNeg   . . .     Faith    .     (no shield)
rPois  .         Spirit   .     (helmet restricted)
rElec  .         Dismiss  .     (no cloak)
rCorr  .         Reflect  .     (gloves unavailable)
SustAt .         Harm     .     (boots unavailable)
MR     .....                    (no amulet)
Stlth  +.........               (no ring)
                                e - ring of ice

@: lethally poisoned (-4 -> -11), not resistant to hostile enchantments, very
unstealthy
A: unfitting armour, tough skin 1
a: no special abilities


You were on level 3 of the Dungeon.
You were not hungry.

You visited 1 branch of the dungeon, and saw 3 of its levels.

You collected 141 gold pieces.

Inventory:

Hand Weapons
 g - a +0 club
 o - a +0 whip (weapon)
Missiles
 d - 2 throwing nets (quivered)
Armour
 a - a +0 robe (worn)
Jewellery
 e - a ring of ice (left hand)
 h - a +5 ring of evasion {unknown}
 j - an uncursed amulet of magic regeneration {unknown}
 p - a +2 ring of protection {unknown}
Scrolls
 l - 6 scrolls of identify {unknown}
 n - a scroll of teleportation {unknown}
Potions
 k - a potion of mutation {unknown}
 m - a potion of curing {unknown}
Books
 b - a book of Debilitation

   Spells                             Type                      Level
   a - Corona                         Hexes                        1
   b - Slow                           Hexes                        2
   c - Gell's Gravitas                Hexes/Translocation          3
   d - Inner Flame                    Hexes/Fire                   3
   e - Cause Fear                     Hexes                        4
   f - Leda's Liquefaction            Hexes/Earth                  4
Comestibles
 f - 4 bread rations
 i - 2 chunks of flesh


   Skills:
 - Level 1.7 Fighting
 + Level 5.4 Maces & Flails
 - Level 2.0 Throwing
 - Level 1.7 Dodging
 - Level 1.2 Spellcasting
 - Level 2.1 Hexes


You had 4 spell levels left.
You knew the following spells:

 Your Spells              Type           Power        Failure   Level  Hunger
a - Corona                Hex            #......      14%         1    ##.....


Dungeon Overview and Level Annotations

Branches:
Dungeon (3/15)

Altars:
Fedhas
Qazlal
Yredelemnul


Innate Abilities, Weirdness & Mutations

You are too large for most types of armour.
You have tough skin (AC +1).


Message History

The large rock closely misses the adder.
You feel sick. The adder bites you.
* * * LOW HITPOINT WARNING * * *
The adder misses you.
Throwing (i - inventory. (,) - cycle):
c - 2 large rocks (quivered)
Press: ? - help, Shift-Dir - straight line, f/p - adder
Aim: an adder (lightly wounded, softly glowing)
You throw a large rock. The large rock barely misses the adder.
You feel sick.
The adder stops glowing.
The adder closely misses you. The adder bites you.
* * * LOW HITPOINT WARNING * * *
You are more poisoned.
The adder poisons you! The adder closely misses you.
Sorry, you're not good enough to have a special ability.
Throwing (i - inventory. (,) - cycle):
c - a large rock (quivered)
Press: ? - help, Shift-Dir - straight line, f/p - adder
Aim: an adder (lightly wounded)
You throw a large rock. The large rock barely misses the adder.
* * * LOW HITPOINT WARNING * * *
You feel sick. The adder bites you.
You die...

..####.##...##.........>......(.#
.## #(##...##.###..###.#....(..#
.## ##.##...##.# #..###.#(##....#
..###(.........###..............#
.....(....................#.)...#
..####.##........#####..#.#.#.#.#
.## #.#########.# #..........# .#
#...........# #..#.#.....# .#
#########.#@# #..#........ .#
#.#S#####........... .#
..#(.......##....... .#
##########..####....# .# #..#
#....# .# #..# #..).# .# #..#
#..### .# #..####..# .#
.#.##....#


You could see an adder.

Vanquished Creatures
  6 adders
  An adder zombie (D:3)
  A worm (D:2)
  3 dart slugs
  A giant gecko (D:2)
  An orc (D:3)
  A giant cockroach (D:3)
  4 goblins
  8 hobgoblins
  2 bats (D:1)
  2 giant newts (D:1)
  2 kobolds
  3 rats
35 creatures vanquished.

Notes
Turn   | Place    | Note
--------------------------------------------------------------
     0 | D:1      | vev the Ogre Arcane Marksman began the quest for the Orb.
     0 | D:1      | Reached XP level 1. HP: 19/19 MP: 2/2
   178 | D:1      | Reached skill level 1 in Maces & Flails
   179 | D:1      | HP: 1/20 [hobgoblin (4)]
   658 | D:1      | Reached skill level 2 in Maces & Flails
   658 | D:1      | Reached XP level 2. HP: 21/28 MP: 3/3
  1623 | D:2      | Found a basalt altar of Yredelemnul.
  1666 | D:2      | Reached skill level 3 in Maces & Flails
  1720 | D:2      | Reached XP level 3. HP: 10/35 MP: 4/4
  1917 | D:2      | Found a blossoming altar of Fedhas.
  1925 | D:2      | Found a stormy altar of Qazlal.
  2051 | D:2      | Reached skill level 4 in Maces & Flails
  2410 | D:2      | Reached XP level 4. HP: 34/42 MP: 3/5
  2813 | D:3      | Reached skill level 5 in Maces & Flails
  2917 | D:3      | HP: 2/42 [adder (4)]
  2918 | D:3      | Slain by an adder

Vault maps used:
D:1:      dpeg_arrival_round_a, minmay_misc_feat_nine_boxes
D:2:      grunt_temple_overflow_forces_of_nature, lemuel_round_altar
D:3:      first_bread

Skill      XL: |  1  2  3  4 |
---------------+-------------+-----
Maces & Flails | 2 3 4 5 |  5.4
Fighting       | |  1.7
Throwing       | |  2.0
Dodging        | |  1.7
Spellcasting   | |  1.2
Hexes          | |  2.1

Action                   |  1- 3 |  4- 6 || total
-------------------------+-------+-------++-------
Melee: Club              |    68 |       ||    68
       Unarmed           |     8 |       ||     8
       Whip              |    50 |    55 ||   105
Throw: Large rock        |    10 |     3 ||    13
       Throwing net      |     2 |       ||     2
 Cast: Corona            |     4 |    10 ||    14
 Stab: Sleeping          |     3 |       ||     3
  Eat: Chunk             |     3 |     3 ||     6
       Fruit             |     1 |       ||     1
